 Dungeon Crawl Stone Soup version 0.21-a0-513-gdcb3f5e (webtiles) character file.

1104 Hafrunt the Destroyer (level 8, -8/57 HPs)
             Began as a Pale Draconian Conjurer on Dec 1, 2017.
             Was a Follower of Vehumet.
             Mangled by an orc warrior
             ... wielding a +0 long sword
              (18 damage)
             ... on level 6 of the Dungeon.
             The game lasted 00:29:01 (7660 turns).

Hafrunt the Destroyer (Pale Draconian Conjurer)     Turns: 7660, Time: 00:29:02

Health: -8/57      AC:  6    Str: 10    XL:     8   Next: 11%
Magic:  6/15       EV: 12    Int: 17    God:    Vehumet [*.....]
Gold:   199        SH:  0    Dex: 13    Spells: 7/17 levels left

rFire    + . .     SeeInvis .   f - +2 spear (pierce)
rCold    . . .     Gourm    .   (no shield)
rNeg     + . .     Faith    .   (armour unavailable)
rPois    .         Spirit   .   (helmet restricted)
rElec    .         Reflect  .   (no cloak)
rCorr    .         Harm     .   (no gloves)
MR       .....                  (no boots)
Stlth    ++........             (no amulet)
HPRegen  0.19/turn              o - ring of positive energy
MPRegen  0.14/turn              u - ring of protection from fire

@: no status effects
A: breathe steam, unfitting armour, cold-blooded, AC +6
a: Breathe Steam, Renounce Religion


You were on level 6 of the Dungeon.
You worshipped Vehumet.
Vehumet was aware of your devotion.
You were not hungry.

You visited 2 branches of the dungeon, and saw 7 of its levels.

You collected 199 gold pieces.

Inventory:

Hand Weapons
 f - a +2 spear of piercing (weapon)
Missiles
 x - 8 javelins (quivered)
Jewellery
 o - a ring of positive energy (left hand)
 u - a ring of protection from fire (right hand)
Wands
 q - a wand of digging (23)
Scrolls
 e - 3 scrolls of remove curse
 g - a scroll of immolation
 j - a scroll of enchant weapon
 t - a scroll of enchant armour
 v - 2 scrolls of identify
Potions
 h - 2 potions of curing
 i - a potion of invisibility {unknown}
 l - a potion of ambrosia {unknown}
 m - a potion of lignification
 r - a potion of flight {unknown}
 s - a potion of degeneration {unknown}
Books
 a - a book of Conjurations

   Spells                             Type                      Level
   a - Magic Dart                     Conjuration                  1
   b - Searing Ray                    Conjuration                  2
   c - Dazzling Spray                 Conjuration/Hexes            3
   d - Fulminant Prism                Conjuration/Hexes            4
   e - Force Lance                    Conjuration/Translocation    4
   f - Iskenderun's Mystic Blast      Conjuration                  4
 p - a book of Debilitation

   Spells                             Type                      Level
   a - Corona                         Hexes                        1
   b - Slow                           Hexes                        2
   c - Inner Flame                    Hexes/Fire                   3
   d - Portal Projectile              Hexes/Translocation          3
   e - Cause Fear                     Hexes                        4
   f - Leda's Liquefaction            Hexes/Earth                  4
Comestibles
 b - 6 bread rations
 c - 2 meat rations
 n - 2 royal jellies


   Skills:
 - Level 1.7 Dodging
 - Level 1.7 Stealth
 + Level 5.3 Spellcasting
 * Level 8.9 Conjurations


You had 7 spell levels left.
You knew the following spells:

 Your Spells              Type           Power        Failure   Level  Hunger
a - Magic Dart            Conj           ####         1%          1    None
b - Searing Ray           Conj           ####..       1%          2    #......
c - Dazzling Spray        Conj/Hex       ###...       7%          3    ##.....
d - Iskenderun's Mystic   Conj           ####....     3%          4    ####...


Dungeon Overview and Level Annotations

Branches:
Dungeon (6/15)             Temple (1/1) D:4

Altars:
Ashenzari
Dithmenos
Elyvilon
Fedhas
Gozag
Hepliaklqana
Kikubaaqudgha
Makhleb
Okawaru
Qazlal
Ru
Sif Muna
Trog
Uskayaw
Vehumet
Wu Jian
Xom
Yredelemnul
Zin
The Shining One

Annotations:
D:2 4 exclusions, Sigmund


Innate Abilities, Weirdness & Mutations

You can breathe blasts of scalding, opaque steam.
Your pale cyan-grey scales are hard. (AC +6)
You cannot fit into any form of body armour.
You are cold-blooded and may be slowed by cold attacks.


Message History

Aim: an orc priest (black smoke, severely wounded)
The searing ray hits the orc warrior.
The orc warrior is lightly wounded. (Press . to maintain the ray.)
The orc warrior hits you with a long sword!
The searing ray hits the orc warrior.
The orc warrior is moderately wounded.
The orc warrior is no longer blind.
The orc hits you but does no damage.
The orc warrior hits you with a long sword!
The searing ray hits the orc warrior.
The orc warrior is heavily wounded.
The orc hits you but does no damage.
The searing ray hits the orc warrior.
The orc warrior is severely wounded.
The searing ray misses the orc priest.
You finish channeling your searing ray.
The orc warrior hits you with a long sword!
* * * LOW HITPOINT WARNING * * *
The orc hits you but does no damage.
The orc warrior hits you with a long sword!!
You die...

### ...
####.######
..........#
..........#####
............o§#
..........###o#
.......).)# #o#
).......<.# #@#
..........# #o#
####.#+#+## #S#
#. #§# # #.#
#S# #F# #F# #.#


You could see an orc warrior, an orc priest, an adder and an orc.

Vanquished Creatures
  The ghost of Hafrunt the Conjurer, a novice DrCj of Vehumet (D:5)
  2 ogres
  A centaur skeleton (D:3)
  A hound (D:4)
  A bullfrog skeleton (D:5)
  4 orc priests
  A gnoll shaman (D:5)
  3 orc wizards
  An iguana (D:4)
  A worker ant (D:5)
  4 gnolls
  8 adders
  A shadow imp (D:6)
  2 oozes
  An adder skeleton (D:5)
  An adder zombie (D:5)
  A worm (D:2)
  2 dart slugs (D:1)
  3 leopard geckos
  27 orcs
  A ball python (D:2)
  7 giant cockroaches
  4 goblins
  12 hobgoblins
  9 jackals
  8 kobolds
  4 quokkas
  6 bats
  6 frilled lizards
  A leopard gecko skeleton (D:5)
  7 rats
131 creatures vanquished.

Notes
Turn   | Place    | Note
-------+----------+-------------------------------------------
     0 | D:1      | Hafrunt the Draconian Conjurer began the quest for the Orb.
     0 | D:1      | Reached XP level 1. HP: 14/14 MP: 3/3
   117 | D:1      | Reached XP level 2. HP: 5/20 MP: 1/5
   361 | D:1      | Learned a level 2 spell: Searing Ray
   797 | D:1      | Reached XP level 3. HP: 5/26 MP: 1/6
   802 | D:1      | Learned a level 3 spell: Dazzling Spray
  1955 | D:2      | Found a deep blue altar of Sif Muna.
  1970 | D:2      | You fall through a shaft!
  2040 | D:3      | Reached skill level 5 in Conjurations
  2277 | D:3      | Found an ancient bone altar of Kikubaaqudgha.
  2508 | D:3      | Reached XP level 4. HP: 31/33 MP: 0/8
  2644 | D:3      | Reached XP level 5. HP: 28/38 MP: 0/9
  2819 | D:3      | Found a shadowy altar of Dithmenos.
  3215 | D:2      | Reached skill level 6 in Conjurations
  3419 | D:2      | Noticed Sigmund
  3683 | D:2      | Found a glowing silver altar of Zin.
  3683 | D:2      | Found an opulent altar of Gozag.
  3984 | D:3      | Learned a level 4 spell: Iskenderun's Mystic Blast
  4041 | D:3      | Reached XP level 6. HP: 45/45 MP: 5/11
  4847 | D:4      | Found a staircase to the Ecumenical Temple.
  4856 | Temple   | Entered the Ecumenical Temple
  4869 | Temple   | Became a worshipper of Vehumet
  5029 | D:4      | Found a blossoming altar of Fedhas.
  5696 | D:5      | Entered Level 5 of the Dungeon
  5740 | D:5      | Reached skill level 7 in Conjurations
  6277 | D:5      | Your scales start taking on a pale cyan-grey colour.
  6277 | D:5      | Reached XP level 7. HP: 49/50 MP: 3/13
  6486 | D:5      | Noticed Hafrunt's ghost (novice DrCj)
  6522 | D:5      | Killed Hafrunt's ghost
  6522 | D:5      | Reached skill level 5 in Spellcasting
  6522 | D:5      | Reached skill level 8 in Conjurations
  7320 | D:5      | Reached XP level 8. HP: 51/57 MP: 7/15
  7385 | D:6      | Reached * piety under Vehumet
  7385 | D:6      | Offered knowledge of Sting by Vehumet.
  7660 | D:6      | Mangled by an orc warrior

Vault maps used:
D:1:      dpeg_arrival_pond
D:2:      grunt_temple_overflow_gold_and_silver, lemuel_doored_altar,
          moated_statue, nrook_loot_triangle, uniq_sigmund
D:3:      kiku_gazebo_pond_becter, first_bread, nicolae_dithmenos_shadow_blocks
D:4:      minmay_temple_entry_nine_rooms, fedhas_altar_2
D:5:      minmay_checkerbox
Temple:   eino_temple_rhombus

Skill      XL: |  1  2  3  4  5  6  7 |
---------------+----------------------+-----
Conjurations   | 5 6 7 8 |  8.9
Spellcasting   | 3 4 5 |  5.3
Dodging        | |  1.7
Stealth        | |  1.7

Action                   |  1- 3 |  4- 6 |  7- 9 || total
-------------------------+-------+-------+-------++-------
Melee: Unarmed           |    65 |       |       ||    65
       Tailslap          |    11 |     4 |     1 ||    16
       Whip              |    29 |       |       ||    29
       Flail             |    15 |    48 |       ||    63
       Spear             |       |       |    24 ||    24
 Cast: Magic Dart        |    90 |   156 |    54 ||   300
       Dazzling Spray    |     2 |     1 |     5 ||     8
       Searing Ray       |     1 |     6 |     4 ||    11
       Iskenderun's Myst |       |     1 |       ||     1
 Abil: Breathe Steam     |       |       |     2 ||     2
  Use: Scroll            |       |     9 |     1 ||    10
       Potion            |       |       |     1 ||     1
  Eat: Chunk             |     5 |    10 |     3 ||    18
       Royal jelly       |     1 |       |       ||     1
       Fruit             |       |     2 |     2 ||     4
Armor: Skin              |    18 |    21 |    22 ||    61
Dodge: Dodged            |    76 |    66 |    18 ||   160

Table legend:
 A = Spawn XP
 B = Non-spawn XP
 C = Spawn XP percentage of total XP
 D = Spawn monster count
 E = Non-spawn monster count
 F = Spawn count percentage of total count
 G = Total turns spent on level
                    A         B        C        D         E        F      G
               +---------+---------+-------+---------+---------+-------+---------
         Total |       0 |    1578 |   0.0 |       0 |     131 |   0.0 |  7660
               +---------+---------+-------+---------+---------+-------+---------
           D:1 |       0 |      56 |   0.0 |       0 |      26 |   0.0 |  1800
           D:2 |       0 |      68 |   0.0 |       0 |      26 |   0.0 |  1093
           D:3 |       0 |     293 |   0.0 |       0 |      33 |   0.0 |  1531
           D:4 |       0 |     161 |   0.0 |       0 |      16 |   0.0 |  1301
           D:5 |       0 |     872 |   0.0 |       0 |      27 |   0.0 |  1518
           D:6 |       0 |     128 |   0.0 |       0 |       3 |   0.0 |   282
               +---------+---------+-------+---------+---------+-------+---------
